 Dungeon Crawl Stone Soup version 0.23.2-33-g5129a83184 (webtiles) character file.

Game seed: 10036342753370814263

279783 GreenGaucho the Champion of Chaos (level 20, -5/171 HPs)
             Began as a Demonspawn Wanderer on June 28, 2019.
             Was the Champion of Makhleb.
             Slain by a reaper
             ... wielding a +4 scythe of protection
             ... summoned by a deep elf demonologist
             ... led by an ironheart preserver
              (8 damage)
             ... on level 2 of the Vaults on June 29, 2019.
             The game lasted 02:09:29 (48325 turns).

GreenGaucho the Champion of Chaos (DsWn)           Turns: 48325, Time: 02:09:30

Health: -5/171     AC: 33    Str: 14      XL:     20   Next: 4%
Magic:  0/34       EV:  9    Int: 17 (19) God:    Makhleb [******]
Gold:   2798       SH: 15    Dex: 15      Spells: 6/23 levels left

rFire    + + +     SeeInvis .   b - +5 eveningstar (drain)
rCold    + . .     Gourm    .   e - +2 shield {rN+}
rNeg     + + .     Faith    .   F - +6 fire dragon scales
rPois    +         Spirit   +   p - +0 helmet
rElec    +         Reflect  .   t - +2 cloak {MR+}
rCorr    +         Harm     .   a - +1 pair of gloves
MR       +++..                  v - +2 pair of boots of the Assassin {Detection Stab+ Stlth++}
Stlth    +++.......             y - amulet of rage
HPRegen  0.38/turn              w - ring of Bodily Harmony {rElec rPois rC+ rN+}
MPRegen  0.48/turn              n - ring "Ravil" {rC+ MR+ Stlth+}

@: no status effects
A: claws 1, yellow scales 3, fire resistance 1, powered by pain 1, magic shield,
magic regeneration, flame cloud immunity
}: 1/15 runes: barnacled
a: Minor Destruction, Lesser Servant of Makhleb, Major Destruction, Greater
Servant of Makhleb, Renounce Religion, Evoke Berserk Rage


You were on level 2 of the Vaults.
You worshipped Makhleb.
Makhleb was exalted by your worship.
You were not hungry.

You visited 9 branches of the dungeon, and saw 35 of its levels.
You also visited: Ossuary, Wizlab and Desolation.

You collected 3342 gold pieces.
You spent 544 gold pieces at shops.

Inventory:

Hand Weapons
 b - a +5 eveningstar of draining (weapon)
Missiles
 g - 19 throwing nets (quivered)
Armour
 a - a +1 pair of gloves (worn)
 e - a +2 shield of positive energy (worn)
 p - a +0 helmet (worn)
 t - a +2 cloak of magic resistance (worn)
 v - the +2 pair of boots of the Assassin (worn) {Detection Stab+ Stlth++}
   (You found it in a wizard's laboratory)

   It makes you much more stealthy.
 F - +6 fire dragon scales (worn)
Jewellery
 n - the ring "Ravil" (right hand) {rC+ MR+ Stlth+}
   (You found it in a wizard's laboratory)

   [ring of protection from magic]

   It protects you from cold.
   It affects your resistance to hostile enchantments.
   It makes you more stealthy.
 w - the ring of Bodily Harmony (left hand) {rElec rPois rC+ rN+}
   (You found it in the Desolation of Salt)

   [ring of poison resistance]

   It protects you from cold.
   It insulates you from electricity.
   It protects you from poison.
   It protects you from negative energy.
 y - an amulet of rage (around neck)
 I - an uncursed ring of protection from magic
Wands
 d - a wand of iceblast (10)
 r - a wand of digging (4)
 x - a wand of clouds (5)
Scrolls
 c - 2 scrolls of silence
 i - 2 scrolls of enchant armour
 k - 12 scrolls of remove curse
 m - a scroll of brand weapon
 o - 3 scrolls of magic mapping
 u - 2 scrolls of fog
 L - 6 scrolls of immolation
 M - 3 scrolls of teleportation
 P - 7 scrolls of fear
Potions
 j - 6 potions of resistance
 l - 2 potions of might
 q - 3 potions of curing
 s - 2 potions of magic
 z - 5 potions of ambrosia
 C - 5 potions of mutation
 E - 2 potions of brilliance
 G - 2 potions of flight
 K - 3 potions of haste
 S - 5 potions of agility
 U - 4 potions of cancellation
Comestibles
 f - 41 rations


   Skills:
 + Level 18.3 Fighting
   Level 4.6 Long Blades
 - Level 16.0 Maces & Flails
 - Level 12.0 Armour
 - Level 1.0 Dodging
 - Level 1.0 Stealth
 * Level 14.1 Shields
 - Level 2.0 Spellcasting
 - Level 1.0 Hexes
 - Level 4.0 Translocations
 - Level 20.0 Invocations


You had 6 spell levels left.
You knew the following spells:

 Your Spells              Type           Power        Failure   Level  Hunger
a - Magic Dart            Conj           #...         63%         1    #......
b - Blink                 Tloc           N/A          24%         2    ###....
c - Regeneration          Chrm/Necr      #.........   94%         3    ###....
d - Summon Mana Viper     Hex/Summ       #.......     100%        5    ######.
e - Deflect Missiles      Chrm/Air       #.........   100%        6    #######

Your spell library contained the following spells:

 Spells                   Type           Power        Failure   Level  Hunger
 Apportation              Tloc           ###...       16%         1    #......
 Gell's Gravitas          Tloc           ###.......   43%         3    ###....
 Lesser Beckoning         Tloc           ###.......   43%         3    ###....
 Confusing Touch          Hex            #.....       47%         1    #......
 Corona                   Hex            #......      47%         1    #......
 Animate Skeleton         Necr           N/A          63%         1    #......
 Beastly Appendage        Tmut           #.....       63%         1    #......
 Flame Tongue             Conj/Fire      #....        63%         1    #......
 Freeze                   Ice            #...         63%         1    #......
 Pain                     Necr           #...         63%         1    #......
 Sting                    Conj/Pois      #...         63%         1    #......
 Summon Butterflies       Summ           #.......     63%         1    #......
 Summon Small Mammal      Summ           #...         63%         1    #......
 Slow                     Hex            #.......     63%         2    ###....
 Portal Projectile        Hex/Tloc       ##....       65%         3    ###....
 Ensorcelled Hibernation  Hex/Ice        #.....       69%         2    ###....
 Recall                   Summ/Tloc      N/A          71%         3    ###....
 Call Imp                 Summ           #.......     77%         2    ###....
 Corpse Rot               Necr           N/A          77%         2    ###....
 Sticks to Snakes         Tmut           #.......     77%         2    ###....
 Swiftness                Chrm/Air       #.......     77%         2    ###....
 Throw Flame              Conj/Fire      #.....       77%         2    ###....
 Throw Frost              Conj/Ice       #.....       77%         2    ###....
 Confuse                  Hex            #.......     85%         3    ###....
 Tukima's Dance           Hex            #.......     85%         3    ###....
 Dazzling Spray           Conj/Hex       #.....       89%         3    ###....
 Inner Flame              Hex/Fire       #.......     89%         3    ###....
 Summon Guardian Golem    Hex/Summ       #.......     89%         3    ###....
 Call Canine Familiar     Summ           #.......     94%         3    ###....
 Conjure Flame            Conj/Fire      #.......     94%         3    ###....
 Ignite Poison            Fire/Tmut/Pois #.......     94%         3    ###....
 Mephitic Cloud           Conj/Pois/Air  #.......     94%         3    ###....
 Ozocubu's Armour         Chrm/Ice       #.......     94%         3    ###....
 Spider Form              Tmut/Pois      #.........   94%         3    ###....
 Static Discharge         Conj/Air       #.......     94%         3    ###....
 Stone Arrow              Conj/Erth      #.....       94%         3    ###....
 Force Lance              Conj/Tloc      #.......     98%         4    #####..
 Cause Fear               Hex            #.........   99%         4    #####..
 Animate Dead             Necr           N/A          100%        4    #####..
 Ice Form                 Ice/Tmut       #.......     100%        4    #####..
 Sticky Flame             Conj/Fire      #.......     100%        4    #####..
 Summon Ice Beast         Ice/Summ       #.......     100%        4    #####..
 Summon Lightning Spire   Summ/Air       #.......     100%        4    #####..
 Throw Icicle             Conj/Ice       #.......     100%        4    #####..
 Alistair's Intoxication  Tmut/Pois      #.......     100%        5    ######.
 Aura of Abjuration       Summ           #.........   100%        5    ######.
 Blade Hands              Tmut           #.........   100%        5    ######.
 Bolt of Draining         Conj/Necr      #.........   100%        5    ######.
 Bolt of Magma            Conj/Fire/Erth #.........   100%        5    ######.
 Borgnjor's Vile Clutch   Necr/Erth      #.........   100%        5    ######.
 Dispel Undead            Necr           #.......     100%        5    ######.
 Fireball                 Conj/Fire      #.........   100%        5    ######.
 Silence                  Hex/Air        #.........   100%        5    ######.
 Summon Demon             Summ           #.........   100%        5    ######.
 Summon Forest            Summ/Tloc      #.........   100%        5    ######.
 Venom Bolt               Conj/Pois      #.........   100%        5    ######.
 Yara's Violent Unravell  Hex/Tmut       #.........   100%        5    ######.
 Bolt of Cold             Conj/Ice       #.........   100%        6    #######
 Bolt of Fire             Conj/Fire      #.........   100%        6    #######
 Conjure Ball Lightning   Conj/Air       #.........   100%        6    #######
 Death Channel            Necr           #.........   100%        6    #######
 Dispersal                Tloc           ###.......   100%        6    #######
 Freezing Cloud           Conj/Ice/Air   #.........   100%        6    #######
 Invisibility             Hex            #.......     100%        6    #######
 Shadow Creatures         Summ           N/A          100%        6    #######
 Simulacrum               Ice/Necr       #.........   100%        6    #######
 Statue Form              Tmut/Erth      #........    100%        6    #######
 Orb of Destruction       Conj           #.........   100%        7    #######
 Spellforged Servitor     Conj/Summ      #.........   100%        7    #######
 Summon Hydra             Summ           #.........   100%        7    #######
 Controlled Blink         Tloc           N/A          100%        8    #######
 Discord                  Hex            #.........   100%        8    #######
 Disjunction              Tloc           ###.......   100%        8    #######
 Lehudib's Crystal Spear  Conj/Erth      #.........   100%        8    #######
 Tornado                  Air            #.........   100%        9    #######


Dungeon Overview and Level Annotations

Branches:
Dungeon (15/15)            Temple (1/1) D:7            Lair (6/6) D:11
 Shoals (4/4) Lair:4        Snake (1/4) Lair:3        Slime (0/5) Lair:6
    Orc (2/2) D:9             Elf (2/3) Orc:2        Vaults (2/5) D:14
  Crypt (0/3) Vaults:2     Depths (2/5) D:15

Altars:
Ashenzari
Cheibriados
Dithmenos
Elyvilon
Fedhas
Gozag
Hepliaklqana
Kikubaaqudgha
Makhleb
Nemelex Xobeh
Okawaru
Qazlal
Ru
Sif Muna
Trog
Uskayaw
Vehumet
Wu Jian
Xom
Yredelemnul
Zin
The Shining One
Beogh

Shops:
D:7 *   Orc:1 [   Orc:2 %(*}   Elf:1 =}=   Shoals:2 !   Vaults:1 %   Vaults:2 }

Portals:
Hell: Depths:1
Abyss: Depths:1

Annotations:
D:13 1 runed translucent door, Orcmeat's ghost, journeyman GrFi
Shoals:3 Mara
Orc:1 3 runed translucent doors, Cucem's ghost, journeyman FeEn; Dienlag's ghost, novice OpMo; EcosseEcosse's ghost, journeyman MiFi; Jivvu's ghost, journeyman MiFi; Tentacle's ghost, journeyman GrFi
Elf:2 3 runed translucent doors
Depths:1 30 runed doors, exclusion: downstairs


Innate Abilities, Weirdness & Mutations

You have sharp fingernails.
You are completely covered in yellow scales. (AC +4, rCorr)
Your flesh is heat resistant. (rF+)
You sometimes gain a little power by taking damage.
When hurt, damage is shared between your health and your magic reserves.
You regenerate magic rapidly.
You are immune to clouds of flame.


Message History

* * * LOW HITPOINT WARNING * * *
The deep elf knight points at you and mumbles some strange words.
The shard of ice hits you! You partially resist.
* * * LOW HITPOINT WARNING * * *
Something hits you!
* * * LOW HITPOINT WARNING * * *
The ghostly ironheart preserver hits you with a +0 morningstar.
* * * LOW HITPOINT WARNING * * *
The deep elf death mage hits you but does no damage.
Unknown command.
Unknown command.
Unknown command.
Unknown command.
Okay, then.
Magic courses through your body. Something hits you but does no damage.
The Ice Fiend gestures at you. The bolt of cold hits you! You resist.
* * * LOW HITPOINT WARNING * * *
The reaper hits you from afar with a +4 scythe of protection!!
You die...

*,,,,,,* #.#≈§≈§≈≈#.≈# *,,,,,,*
#.#.....≈#.≈# *,,,,,,*
#.#,###.≈..≈# ********+*******
#.#,#...∩≈≈≈# ,*,,,*,*,,,#,,,*
##.#,#§.§..###
,*,,,*,*,,,#.,,#####..#,#..#....○
***+**,*,,,#..,#......#,#.§#.°...
,,,,,,,**+*#.ee#p1....#.#..######
,,,,,,,,,,,#.p2e@e......#..§.....
,,****+*,..'*2e#.{......#########
+**,,,,*,#####*#.................
,,*,,,,*,*,,,{{o.....>#.#.......#
,,*,,,,*,+,,,,o#......#..........
**************+######+###.......#
*,,,,,,,,,,,#.......# **
*,,,,,,,,,,,#..>....# ,*
*,,,,,,,,,,,#...)...#


You could see a ghostly ironheart preserver, an Ice Fiend, a reaper, a balrug,
an orc knight, a ghostly deep elf annihilator, a deep elf death mage, a deep elf
demonologist, a vault sentinel, a deep elf knight, a deep elf mage and a
battlesphere.

Vanquished Creatures
  A moon troll (WizLab)
  2 quicksilver dragons (WizLab)
  Polyphemus (Shoals:2)
  7 tentacled starspawn (WizLab)
  Ilsuiw (Shoals:2)
  Aizul (Shoals:1)
  3 vault wardens
  3 orc warlords
  5 ironheart preservers
  7 very ugly things (WizLab)
  5 stone giants
  Azrael (D:14)
  A deep elf demonologist (Elf:2)
  A halazid warlock (Desolation)
  5 merfolk javelineers
  An ettin (Depths:1)
  2 crystal guardians (Desolation)
  7 merfolk impalers
  3 fire dragons
  A deep elf high priest (Elf:1)
  9 great orbs of eyes
  3 ragged hierophants (Desolation)
  Fannar (Orc:1)
  2 yaktaur captains
  Harold (D:7)
  5 servants of whispers (Desolation)
  2 rakshasas (Vaults:1)
  9 hydras
  5 peacekeepers (Desolation)
  3 vault guards
  Erolcha (D:10)
  2 ice dragons
  A hydra (shapeshifter) (D:14)
  3 catoblepae
  18 two-headed ogres
  A death knight (D:14)
  4 merfolk avatars
  7 centaur warriors
  3 merfolk aquamancers
  6 ogre magi
  8 death yaks
  10 dancing weapons
  A deep troll earth mage (Depths:1)
  4 deep troll shamans (Depths:1)
  6 orc high priests
  3 satyrs
  2 tengu warriors
  A vampire mage (D:15)
  10 deep elf knights
  Urug (Lair:2)
  2 wretched stars (WizLab)
  3 iron trolls (Depths:1)
  4 skeletal warriors
  16 sea snakes
  9 deep trolls (Depths:1)
  4 unseen horrors
  4 glowing orange brains (WizLab)
  2 wizards
  An orange crystal statue (WizLab)
  3 deep elf archers
  18 harpies
  A spriggan druid (Elf:2)
  36 deep elf magi
  3 necromancers
  4 orc knights
  6 ironbrand convokers
  2 lindwurms (Lair:6)
  12 manticores
  5 wolf spiders
  4 oklob plants
  4 orc sorcerers
  12 ugly things
  14 fauns
  A fire giant zombie (D:15)
  3 cyclopes
  A salamander (shapeshifter) (Vaults:1)
  Maurice (D:13)
  A fire giant skeleton (D:15)
  A stone giant skeleton (D:15)
  10 merfolk sirens
  A black mamba (shapeshifter) (Vaults:1)
  6 eyes of devastation (WizLab)
  28 elephants
  7 water nymphs
  5 black mambas
  5 torpor snails (Lair:6)
  A gargoyle (D:11)
  3 vault sentinels
  A spiny frog (shapeshifter) (Depths:1)
  11 spiny frogs
  15 yaktaurs
  10 komodo dragons
  A redback zombie (D:8)
  A rime drake (Lair:3)
  2 hellwings
  3 tengu conjurers
  A freezing wraith (Vaults:1)
  A spriggan skeleton (D:15)
  31 merfolk
  3 polar bears
  2 wind drakes (Shoals:4)
  7 hornets
  A guardian mummy (D:15)
  3 tyrant leeches (Lair:6)
  6 trolls
  4 blink frogs (Lair:6)
  29 saltlings (Desolation)
  8 hippogriffs
  9 snapping turtles
  6 wraiths
  4 air elementals (Elf:1)
  4 shadows
  2 vampires (D:13)
  A spriggan (Lair:2)
  2 wyverns
  45 yaks
  16 water elementals
  A basilisk (shapeshifter) (Vaults:1)
  8 fire elementals
  A fire bat (shapeshifter) (D:14)
  6 golden eyes (WizLab)
  3 basilisks
  10 vampire mosquitoes
  21 humans (D:14)
  3 hungry ghosts (D:14)
  A steam dragon (Lair:6)
  14 wargs
  7 acid dragons
  3 nagas (Lair:3)
  15 water moccasins
  3 soldier ants
  3 hell hounds (D:14)
  A floating eye (shapeshifter) (D:14)
  10 porcupines
  34 orc warriors
  5 phantoms
  A swamp drake (Lair:6)
  2 ice beasts
  4 sky beasts
  2 black bears (Elf:2)
  2 eyes of draining
  A necrophage (D:11)
  A hornet zombie (D:8)
  11 wolves
  31 centaurs
  26 ogres
  7 crocodiles
  A big kobold (D:13)
  3 elf zombies
  11 bullfrogs
  2 earth elementals
  An ogre simulacrum (Vaults:1)
  An elf skeleton (D:5)
  7 scorpions
  A water moccasin skeleton (D:6)
  8 killer bees
  13 wights
  A howler monkey (D:8)
  An electric eel (Lair:2)
  7 crimson imps
  7 centaur zombies
  2 quasits
  10 starcursed masses (WizLab)
  3 jellies
  6 centaur skeletons
  A human zombie (Ossuary)
  Crazy Yiuf (D:7)
  46 orc priests
  3 hounds
  24 orc wizards
  2 bullfrog skeletons (D:13)
  Terence (D:3)
  3 human skeletons (D:5)
  6 iguanas
  9 worker ants
  2 big kobold zombies (Ossuary)
  2 mummies (Ossuary)
  2 hound zombies (D:9)
  A hound skeleton (D:6)
  3 worker ant zombies
  5 gnolls
  A howler monkey skeleton (D:9)
  10 adders
  9 shadow imps
  A white imp (Depths:1)
  An ooze (D:3)
  An adder zombie (Ossuary)
  An adder skeleton (D:9)
  2 worms (D:4)
  2 dart slugs
  6 leopard geckos
  111 orcs
  3 giant cockroaches
  12 goblins
  8 hobgoblins
  10 jackals
  13 kobolds
  2 quokkas
  3 bats (D:1)
  4 frilled lizards
  10 hobgoblin zombies (Ossuary)
  A jackal zombie (Ossuary)
  11 kobold zombies (Ossuary)
  An orc skeleton (D:5)
  6 orc zombies (Ossuary)
  A quokka zombie (D:5)
  11 rats
  5 fungi
  A pillar of salt (Elf:2)
  28 plants
  13 starspawn tentacles (WizLab)
1383 creatures vanquished.

Vanquished Creatures (collateral kills)
  Rupert (D:13)
  Kirke (Shoals:3)
  Donald (Lair:3)
  Louise (D:15)
  2 imperial myrmidons (Desolation)
  2 cacodemons (WizLab)
  A very ugly thing (WizLab)
  A dire elephant (Lair:2)
  4 halazid warlocks (Desolation)
  A crystal guardian (Desolation)
  A merfolk impaler (Shoals:1)
  3 ragged hierophants (Desolation)
  3 peacekeepers (Desolation)
  A servant of whispers (Desolation)
  A two-headed ogre (D:13)
  3 merfolk avatars (Shoals:3)
  An alligator snapping turtle (Shoals:2)
  A sea snake (Shoals:3)
  A swamp dragon (Lair:6)
  2 ironbrand convokers (Desolation)
  A mana viper (Lair:3)
  2 manticores (Shoals:3)
  An elephant (Lair:2)
  An eye of devastation (WizLab)
  A water nymph (Shoals:3)
  4 merfolk
  16 saltlings (Desolation)
  A hornet (Lair:6)
  2 snapping turtles
  A water elemental (Shoals:3)
  2 hogs (Shoals:3)
  A neqoxec (WizLab)
  A warg (D:15)
  An orc warrior (D:15)
  An ogre (D:13)
  A crocodile (Lair:2)
  5 wights (D:15)
  3 orcs (D:15)
  A fungus (Lair:2)
78 creatures vanquished.

Vanquished Creatures (others)
  A shadow wraith (Vaults:1)
  A deep elf archer (Elf:2)
  A harpy (Vaults:1)
  A hornet (Lair:6)
  2 humans (Shoals:3)
  An iguana (Lair:6)
  A quokka (D:14)
  3 demonic plants (WizLab)
  71 fungi
  2 pillars of salt (Elf:2)
  57 plants
  19 starspawn tentacles (WizLab)
  22 tentacles
182 creatures vanquished.

Grand Total: 1643 creatures vanquished

Notes
Turn   | Place    | Note
-------+----------+-------------------------------------------
     0 | D:1      | GreenGaucho the Demonspawn Wanderer began the quest for the
                  | Orb.
     0 | D:1      | GreenGaucho set off with the following items: a +0
                  | falchion, a potion of lignification, a +0 robe, a ration;
                  | and the following spell memorised: Magic Dart; and the
                  | following spells available to memorise: Slow, Blink, Call
                  | Imp, Conjure Flame, Mephitic Cloud
     0 | D:1      | Reached XP level 1. HP: 15/15 MP: 3/3
   379 | D:1      | Gained mutation: When hurt, damage is shared between your
                  | health and your magic reserves. [demonic ancestry]
   379 | D:1      | Reached XP level 2. HP: 18/21 MP: 5/5
  1132 | D:1      | Reached XP level 3. HP: 27/27 MP: 6/6
  1721 | D:2      | Learned a level 2 spell: Blink
  2064 | D:3      | Reached XP level 4. HP: 20/33 MP: 2/7
  2376 | D:3      | Reached skill level 1 in Translocations
  2998 | D:3      | Noticed Terence
  3059 | D:3      | Gained mutation: You sometimes gain a little power by
                  | taking damage. [demonic ancestry]
  3059 | D:3      | Reached XP level 5. HP: 33/39 MP: 4/8
  3996 | D:5      | Entered Level 5 of the Dungeon
  4100 | D:5      | Found the +6 shillelagh "Devastator" {shatter}
  4325 | D:5      | Found a sand-covered staircase.
  4344 | Ossuary  | Entered an ossuary
  4529 | Ossuary  | Reached skill level 1 in Maces & Flails
  4529 | Ossuary  | Gained mutation: You are partially covered in yellow
                  | scales. (AC +2) [demonic ancestry]
  4529 | Ossuary  | Reached XP level 6. HP: 35/47 MP: 6/9
  4553 | Ossuary  | Reached XP level 7. HP: 23/53 MP: 3/10
  5523 | D:3      | Killed Terence
  5724 | D:6      | Reached XP level 8. HP: 61/61 MP: 11/11
  5830 | D:6      | Reached skill level 5 in Maces & Flails
  5849 | D:6      | Reached skill level 5 in Fighting
  5895 | D:6      | Found a stormy altar of Qazlal.
  6174 | D:7      | Found a staircase to the Ecumenical Temple.
  6181 | D:7      | Got an ominously black robe
  6205 | Temple   | Entered the Ecumenical Temple
  6455 | Temple   | Became a worshipper of Makhleb the Destroyer
  6681 | D:7      | Reached skill level 1 in Invocations
  6681 | D:7      | Noticed Harold
  6723 | D:7      | Found Afepih's Assorted Antiques.
  6978 | D:7      | Killed Harold
  6978 | D:7      | Reached skill level 3 in Invocations
  6978 | D:7      | Gained mutation: You regenerate magic rapidly. [demonic
                  | ancestry]
  6978 | D:7      | Reached XP level 9. HP: 69/71 MP: 10/12
  7052 | D:7      | Bought a pair of embroidered boots for 165 gold pieces
  7142 | D:7      | Found a hazy altar of Hepliaklqana.
  7216 | D:7      | Found a runed translucent door.
  7217 | D:7      | Noticed Crazy Yiuf
  7383 | D:7      | Killed Crazy Yiuf
  7399 | D:7      | Identified the +0 robe of the Aged Moons {MR+} (You found
                  | it on level 7 of the Dungeon)
  7446 | D:8      | Reached skill level 4 in Invocations
  7458 | D:8      | Reached * piety under Makhleb
  7527 | D:8      | Noticed a hellwing
  7665 | D:7      | Killed a hellwing
  7665 | D:7      | Reached skill level 5 in Invocations
  7861 | D:8      | Gained mutation: You are mostly covered in yellow scales.
                  | (AC +3) [demonic ancestry]
  7861 | D:8      | Reached XP level 10. HP: 49/79 MP: 7/14
  7866 | D:8      | Reached skill level 6 in Invocations
  8079 | D:8      | Reached skill level 7 in Invocations
  8660 | D:9      | Reached ** piety under Makhleb
  8699 | D:9      | Noticed a two-headed ogre
  8702 | D:9      | Killed a two-headed ogre
  8702 | D:9      | Reached skill level 10 in Maces & Flails
  9101 | D:9      | Noticed a catoblepas
  9108 | D:9      | Killed a catoblepas
  9108 | D:9      | Reached skill level 8 in Invocations
  9203 | D:9      | Gained mutation: You are completely covered in yellow
                  | scales. (AC +4, rCorr) [demonic ancestry]
  9203 | D:9      | Reached XP level 11. HP: 81/87 MP: 14/17
  9213 | D:9      | Noticed a two-headed ogre
  9235 | D:9      | Killed a two-headed ogre
  9354 | D:9      | Found a staircase to the Orcish Mines.
  9520 | D:9      | Reached *** piety under Makhleb
  9966 | D:10     | Entered Level 10 of the Dungeon
 10016 | D:10     | Noticed a two-headed ogre
 10025 | D:10     | Killed a two-headed ogre
 10025 | D:10     | Reached skill level 9 in Invocations
 10174 | D:10     | Noticed Erolcha
 10183 | D:10     | Killed Erolcha
 10536 | D:11     | Noticed an oklob plant
 10898 | D:11     | Noticed a two-headed ogre
 10903 | D:11     | Killed a two-headed ogre
 11111 | D:11     | Noticed an oklob plant
 11131 | D:11     | Found a staircase to the Lair.
 11146 | D:11     | Killed an oklob plant
 11146 | D:11     | Reached skill level 10 in Invocations
 11171 | D:11     | Reached **** piety under Makhleb
 11244 | D:11     | Killed an oklob plant
 11462 | Lair:1   | Entered Level 1 of the Lair of Beasts
 11559 | Lair:1   | Reached skill level 10 in Fighting
 11582 | Lair:1   | You fall through a shaft!
 11592 | Lair:2   | Noticed a six-headed hydra
 11633 | Lair:2   | Killed a six-headed hydra
 11633 | Lair:2   | Reached XP level 12. HP: 82/97 MP: 15/19
 11820 | Lair:2   | Noticed Urug
 11836 | Lair:2   | Killed Urug
 11842 | Lair:2   | Noticed a dire elephant
 11850 | Lair:2   | HP: 1/97 [elephant (4)]
 12275 | Lair:2   | Reached skill level 11 in Invocations
 13410 | Lair:2   | Reached ***** piety under Makhleb
 13457 | Lair:2   | Reached skill level 12 in Invocations
 13511 | Lair:2   | Killed a dire elephant
 13577 | Lair:2   | Reached XP level 13. HP: 65/106 MP: 14/22
 14472 | Lair:3   | You fall through a shaft!
 14706 | Lair:4   | HP: 5/106 [seven-headed hydra (12)]
 14748 | Lair:4   | Reached skill level 13 in Invocations
 15141 | Lair:4   | Found a staircase to the Shoals.
 15875 | Lair:3   | Found a staircase to the Snake Pit.
 16529 | Lair:5   | Reached skill level 1 in Armour
 16742 | Lair:5   | Reached skill level 14 in Invocations
 17188 | Lair:5   | Reached XP level 14. HP: 101/116 MP: 19/24
 17505 | Lair:6   | Entered Level 6 of the Lair of Beasts
 17572 | Lair:6   | Found a staircase to the Slime Pits.
 17716 | Lair:6   | Reached skill level 15 in Invocations
 17757 | Lair:6   | Reached ****** piety under Makhleb
 17768 | Lair:6   | Reached skill level 5 in Armour
 19714 | Lair:6   | Found a runed translucent door.
 20664 | Orc:1    | Entered Level 1 of the Orcish Mines
 20667 | Orc:1    | Noticed a stone giant
 21161 | Orc:1    | Noticed Fannar
 21175 | Orc:1    | Killed Fannar
 21186 | Orc:1    | Noticed an orc warlord
 21280 | D:9      | Killed an orc warlord
 21298 | D:9      | Killed a stone giant
 21526 | Orc:1    | Found a runed translucent gate.
 21526 | Orc:1    | Found a runed translucent gate.
 21526 | Orc:1    | Found a runed translucent gate.
 21526 | Orc:1    | Noticed Jivvu's ghost (journeyman MiFi)
 21527 | Orc:1    | Noticed EcosseEcosse's ghost (journeyman MiFi)
 21527 | Orc:1    | Noticed Tentacle's ghost (journeyman GrFi)
 21527 | Orc:1    | Noticed Dienlag's ghost (novice OpMo)
 21527 | Orc:1    | Noticed Cucem's ghost (journeyman FeEn)
 21563 | Orc:1    | Found Tixt's Armour Shoppe.
 21768 | Orc:1    | Found a roughly hewn altar of Beogh.
 21808 | Orc:2    | Entered Level 2 of the Orcish Mines
 21823 | Orc:2    | Reached skill level 16 in Invocations
 21879 | Orc:2    | Noticed an orc warlord
 21901 | Orc:2    | Killed an orc warlord
 21947 | Orc:2    | Found a roughly hewn altar of Beogh.
 22098 | Orc:2    | Noticed an orc warlord
 22122 | Orc:2    | Killed an orc warlord
 22135 | Orc:2    | Gained mutation: You have sharp fingernails. [demonic
                  | ancestry]
 22135 | Orc:2    | Reached XP level 15. HP: 126/126 MP: 25/27
 22150 | Orc:2    | Found Megafusm's Gadget Shoppe.
 22150 | Orc:2    | Found Apomuq's General Store.
 22350 | Orc:2    | Found a roughly hewn altar of Beogh.
 22381 | Orc:2    | Found Ynuits's Weapon Shoppe.
 22381 | Orc:2    | Found Teneekla's Food Shop.
 22566 | Orc:2    | Found a staircase to the Elven Halls.
 22847 | D:12     | Found a white marble altar of Elyvilon.
 23622 | D:13     | Noticed Maurice
 23635 | D:13     | Killed Maurice
 23738 | D:13     | Found a runed translucent door.
 23743 | D:13     | Noticed Orcmeat's ghost (journeyman GrFi)
 24249 | D:13     | Reached skill level 17 in Invocations
 24525 | D:13     | Noticed Rupert
 24528 | D:13     | Paralysed by Rupert for 2 turns
 24535 | D:13     | Killed Rupert
 24860 | D:14     | Paralysed by a floating eye for 3 turns
 24892 | D:14     | Noticed Azrael
 24935 | D:14     | Killed Azrael
 25094 | D:14     | Reached skill level 15 in Fighting
 25196 | D:14     | Found a gate to the Vaults.
 25627 | D:14     | Found a white marble altar of Elyvilon.
 25662 | D:14     | Reached skill level 18 in Invocations
 25666 | D:14     | Gained mutation: Your flesh is heat resistant. (rF+)
                  | [demonic ancestry]
 25666 | D:14     | Reached XP level 16. HP: 136/136 MP: 24/29
 25834 | D:15     | Entered Level 15 of the Dungeon
 25867 | D:15     | Found a staircase to the Depths.
 26245 | D:15     | Noticed Louise
 26258 | D:15     | Killed Louise
 26601 | D:15     | Identified a scroll of acquirement
 26828 | Snake:1  | Entered Level 1 of the Snake Pit
 26828 | Snake:1  | Noticed Donald
 27077 | Shoals:1 | Entered Level 1 of the Shoals
 27097 | Shoals:1 | Reached skill level 10 in Armour
 27493 | Shoals:1 | Noticed Aizul
 28235 | D:7      | Bought 2 potions of curing for 132 gold pieces
 28398 | Shoals:1 | Killed Aizul
 28743 | Shoals:1 | Noticed a kraken
 28792 | Shoals:2 | Noticed Polyphemus
 28795 | Shoals:2 | Noticed Ilsuiw
 28824 | Shoals:2 | Noticed a kraken
 28974 | Shoals:2 | Reached skill level 5 in Shields
 28998 | Shoals:2 | Killed Ilsuiw
 29312 | Shoals:2 | Found Tozane's Distillery.
 29320 | Shoals:2 | Bought a potion of heal wounds for 95 gold pieces
 29320 | Shoals:2 | Bought a potion of heal wounds for 95 gold pieces
 29320 | Shoals:2 | Bought a potion of curing for 57 gold pieces
 29832 | Shoals:2 | Killed Polyphemus
 30212 | Shoals:3 | Noticed Kirke
 30216 | Shoals:3 | Killed Kirke
 30237 | Shoals:3 | Reached skill level 19 in Invocations
 30246 | Shoals:3 | Noticed Mara
 30584 | Lair:3   | Killed Donald
 30907 | Depths:1 | Entered Level 1 of the Depths
 30951 | Depths:1 | Found a one-way gate to the infinite horrors of the Abyss.
 30990 | Depths:1 | Reached XP level 17. HP: 144/144 MP: 27/30
 31902 | Depths:1 | Found a gateway to Hell.
 32056 | Depths:1 | Found a huge runed gate.
 32056 | Depths:1 | Found a huge runed gate.
 32056 | Depths:1 | Found a huge runed gate.
 32058 | Depths:1 | Found a huge runed gate.
 32058 | Depths:1 | Found a huge runed gate.
 32059 | Depths:1 | Found a huge runed gate.
 32059 | Depths:1 | Found a huge runed gate.
 32060 | Depths:1 | Found a huge runed gate.
 32060 | Depths:1 | Found a huge runed gate.
 32060 | Depths:1 | Found a huge runed gate.
 32137 | Depths:1 | Found a huge runed gate.
 32137 | Depths:1 | Found a huge runed gate.
 32137 | Depths:1 | Found a huge runed gate.
 32137 | Depths:1 | Found a huge runed gate.
 32138 | Depths:1 | Found a huge runed gate.
 32138 | Depths:1 | Found a huge runed gate.
 32138 | Depths:1 | Found a huge runed gate.
 32139 | Depths:1 | Found a huge runed gate.
 32140 | Depths:1 | Found a huge runed gate.
 32148 | Depths:1 | Found a huge runed gate.
 32148 | Depths:1 | Found a huge runed gate.
 32148 | Depths:1 | Found a huge runed gate.
 32148 | Depths:1 | Found a huge runed gate.
 32148 | Depths:1 | Found a huge runed gate.
 32148 | Depths:1 | Found a huge runed gate.
 32148 | Depths:1 | Found a huge runed gate.
 32149 | Depths:1 | Found a huge runed gate.
 32150 | Depths:1 | Found a huge runed gate.
 32158 | Depths:1 | Found a huge runed gate.
 32158 | Depths:1 | Found a huge runed gate.
 33570 | Elf:1    | Entered Level 1 of the Elven Halls
 34843 | Elf:1    | Found Noilour's Jewellery Boutique.
 34844 | Elf:1    | Found Soegesm's Gadget Emporium.
 34845 | Elf:1    | Found Diat's Jewellery Boutique.
 35731 | Elf:2    | Found a runed translucent gate.
 35731 | Elf:2    | Found a runed translucent gate.
 35745 | Elf:2    | Found a runed translucent gate.
 35850 | Elf:2    | Found a ruined gateway.
 35906 | Desolati | Entered the Desolation of Salt
 36266 | Desolati | Reached XP level 18. HP: 140/153 MP: 31/31
 38108 | Desolati | Found the cursed necklace of Bloodlust {*Rage +Rage MR++
                  | Int-3 Slay+6 *Curse}
 38137 | Desolati | Identified the ring of Ditid {Fire MR+ Str+4}
 38423 | Desolati | Reached skill level 20 in Invocations
 38427 | Desolati | Reached skill level 10 in Shields
 38549 | Desolati | Got a fine marble ring
 38550 | Desolati | Identified Siggiumit's Guide on the Congealing Entourage
 38554 | Desolati | Identified the ring of Light {rElec rF+ rN+ AC+1} (You
                  | found it in the Desolation of Salt)
 38675 | Desolati | Identified the Incunabulum of the Assistive Volcanoes
 38727 | Desolati | Got a shimmering brass ring
 38728 | Desolati | Identified the ring "Recroe" {Ice *Corrode +Inv rElec rN+}
                  | (You found it in the Desolation of Salt)
 38731 | Desolati | Identified the ring of Bodily Harmony {rElec rPois rC+ rN+}
                  | (You found it in the Desolation of Salt)
 38741 | Desolati | Identified the Disquisition on Warped Shape Shifting
 38745 | Desolati | Identified the Reference Book on Darkness and Confrontation
 38754 | Desolati | Identified the Tome of Scorching Necromancy
 38759 | Desolati | Identified the Incunabulum of the Battered Demons
 38763 | Desolati | Identified Zuczosih's Compendium of Supportive Feathers
 39822 | Lair:4   | Learned a level 3 spell: Regeneration
 39828 | Lair:4   | Learned a level 5 spell: Summon Mana Viper
 39835 | Lair:4   | Learned a level 6 spell: Deflect Missiles
 40042 | Shoals:3 | Noticed GreenGaucho's illusion
 40828 | Shoals:4 | Entered Level 4 of the Shoals
 42061 | Shoals:4 | Reached skill level 15 in Maces & Flails
 42461 | Shoals:4 | Got a scorched demon whip
 42470 | Shoals:4 | Identified the +5 demon whip "Xevvec" {vamp, rPois Str+2
                  | Stlth+} (You found it on level 4 of the Shoals)
 42742 | Shoals:4 | Got a barnacled rune of Zot
 43718 | Vaults:1 | Entered Level 1 of the Vaults
 44264 | Vaults:1 | Reached XP level 19. HP: 161/161 MP: 27/33
 44341 | Vaults:1 | Found Ririutu's Food Shop.
 45647 | Vaults:2 | Found Loareint's Gadget Shop.
 45884 | Vaults:2 | Found a magical portal.
 45964 | WizLab   | Entered Lehudib's Moon Base
 46664 | WizLab   | Paralysed by accursed screaming for 1 turns
 47190 | WizLab   | Got a wavering steel ring
 47192 | WizLab   | Identified the ring "Ravil" {rC+ MR+ Stlth+} (You found it
                  | in a wizard's laboratory)
 47414 | WizLab   | Found a transporter.
 47841 | WizLab   | Found a transporter.
 47843 | WizLab   | Found the +2 pair of boots of the Assassin {Detection Stab+
                  | Stlth++}
 47986 | WizLab   | Gained mutation: You are immune to clouds of flame.
                  | [demonic ancestry]
 47986 | WizLab   | Reached XP level 20. HP: 171/171 MP: 23/34
 47997 | WizLab   | Got a faintly humming ring mail
 48010 | WizLab   | Identified the +3 ring mail of Uqahy {+Fly MR+ Str+4} (You
                  | found it in a wizard's laboratory)
 48192 | WizLab   | Identified the Almanac of Unstable Air
 48249 | WizLab   | Identified Lehudib's Almanac of the Rocks and Confrontation
 48324 | Vaults:2 | HP: 5/171 [something (8)]
 48325 | Vaults:2 | Slain by a reaper

Skill      XL: |  1  2  3  4  5  6  7  8  9 10 11 12 13 14 15 16 17 18 19 |
---------------+----------------------------------------------------------+-----
Long Blades    | 3 4 |  4.6
Fighting       | 2 3 4 6 7 8 10 11 12 14 15 16 17 18 | 18.3
Translocations | 1 2 3 4 |  4.0
Maces & Flails | 1 2 4 7 8 10 12 13 14 15 16 | 16.0
Invocations    | 3 5 8 10 12 14 16 18 19 20 | 20.0
Armour         | 3 7 9 10 11 12 | 12.0
Shields        | 6 9 11 14 | 14.1
Dodging        | |  1.0
Stealth        | |  1.0
Spellcasting   | |  2.0
Hexes          | |  1.0

Action                   |  1- 3 |  4- 6 |  7- 9 | 10-12 | 13-15 | 16-18 | 19-21 || total
-------------------------+-------+-------+-------+-------+-------+-------+-------++-------
Melee: Falchion          |   111 |   133 |       |       |       |       |       ||   244
       Shillelagh        |       |    36 |   162 |   458 |  1261 |   459 |       ||  2376
       Eveningstar       |       |       |       |       |       |  1673 |   853 ||  2526
Throw: Tomahawk          |     2 |       |     2 |       |       |       |       ||     4
       Throwing net      |       |       |     1 |       |       |       |       ||     1
 Cast: Magic Dart        |    27 |     3 |       |       |       |       |       ||    30
       Blink             |       |       |       |     1 |       |       |       ||     1
Invok: Lesser Servant of |       |       |       |     4 |     4 |     6 |     1 ||    15
       Major Destruction |       |       |       |     1 |     1 |     2 |       ||     4
       Greater Servant o |       |       |       |       |     2 |    14 |     3 ||    19
 Abil: Evoke Berserk Rag |       |       |       |     1 |       |       |       ||     1
Evoke: Wand              |       |       |       |     8 |    27 |    26 |       ||    61
  Use: Scroll            |       |     5 |     4 |    13 |    18 |    28 |     3 ||    71
       Potion            |       |       |     3 |     7 |     4 |    15 |     3 ||    32
 Stab: Distracted        |     1 |       |       |     1 |       |     5 |     1 ||     8
       Sleeping          |       |     6 |       |       |     1 |       |       ||     7
       Petrifying        |       |       |       |       |     1 |       |       ||     1
  Eat: Chunk             |     4 |     8 |     3 |    17 |    25 |    18 |     3 ||    78
       Ration            |       |       |     2 |     1 |     5 |    15 |     3 ||    26
Armor: Robe              |    31 |    46 |    30 |   160 |   162 |       |       ||   429
       Ring mail         |       |       |    39 |       |       |       |       ||    39
       Skin              |       |       |    13 |    19 |     5 |       |       ||    37
       Fire dragon scale |       |       |       |       |   411 |  1564 |   320 ||  2295
Dodge: Dodged            |    68 |    84 |    84 |   192 |   506 |   723 |   183 ||  1840
Block: Shield            |       |       |       |       |       |  1349 |   458 ||  1807
       Large shield      |       |       |       |       |       |   102 |       ||   102
       Rpst.: Falchion   |    21 |    23 |       |       |       |       |       ||    44
